AoeStats
← [ KOF ] M. Kowalski

Arabia

504748165Analyzed
1v1 RM · 25d ago on Sep 6, 2026· 45m 51s· 2 players
Game mode
Random Map
Map size
Tiny (2 player)
Population
200
Speed
Normal
Resources
Standard
Victory
Conquest
Starting age
Dark Age
Ending age
Imperial Age
RankedLock teamsTeams togetherTeam positionsShared explorationLock speedFull tech treeHidden civsTurbo modeCheats
Victory
Defeat
🇵🇱 Poles · Poland
1208
+15
🇦🇷 Khitans · Argentina
1190
-15
[ KOF ] M. Kowalski
7:02 Loom
9:36 Feudal Age
9:56 Man-at-Arms
15:27 Town Watch
18:32 Double-Bit Axe
20:34 Wheelbarrow
20:34 Fletching
28:45 Castle Age
29:38 Bodkin Arrow
30:19 Guard Tower
31:48 Bow Saw
37:31 Scale Mail Armor
40:04 Forging
42:42 Iron Casting
44:03 Scale Barding Armor
Mordimer
6:28 Loom
9:36 Feudal Age
13:47 Horse Collar
20:25 Fletching
27:45 Castle Age
25:53 Stone Mining
26:22 Double-Bit Axe
28:24 Bodkin Arrow
28:34 Heavy Plow
28:44 Town Watch
29:23 Ballistics
29:01 Guard Tower
30:19 Ballistics
29:55 Murder Holes
29:41 Treadmill Crane
31:14 Scale Barding Armor
32:56 Wheelbarrow
34:21 Bow Saw
34:15 Gold Mining
36:43 Bloodlines
38:17 Masonry
38:20 Husbandry
40:26 Chain Barding Armor
41:15 Hand Cart
43:42 Imperial Age
41:53 Forging
42:14 Hand Cart
43:46 Iron Casting
Connection lost

Rejoining the realm…

Still unreachable

The connection could not be restored.

Session expired

The server has moved on; the page needs a fresh start.